Map: Ley Lines

Players

ManlyManMeat - Winner!

  • Race: Zerg Zerg
  • League: Diamond
  • Spawn Location: 7:00

AmandaSmmith

  • Race: Zerg Zerg
  • League: Diamond
  • Spawn Location: 1:00

VOD

Have the link to the VOD?

Description

Time

  • Played on: July 1, 2025, 3:50 p.m.
  • Length: 8:33
Show
View Real Time Build Order
Export as new Build Order

ManlyManMeat Zerg - Winner!

Build Orders: Hatch First, Zergling Baneling 

Get SALT Encoding   

  12  0:00  Drone  
  13  0:08  Drone  
  14  0:16  Drone, Extractor  
  15  0:21  Overlord  
  15  0:41  Drone  
  16  0:47  Hatchery  
  16  0:50  Drone  
  16  0:53  Drone  
  16  0:57  Drone  
  18  1:08  Extractor  
  17  1:15  Spawning Pool  
  17  1:16  Drone  
  17  1:19  Drone  
  18  1:27  Drone  
  19  1:38  Drone  
  20  2:02  Queen x2  
  20  2:03  Zergling x2  
  20  2:04  Zergling x2  
  20  2:05  Overlord  
  26  2:11  Metabolic Boost  
  26  2:14  Drone  
  26  2:15  Drone  
  28  2:29  Baneling Nest  
  27  2:32  Zergling x6  
  27  2:34  Zergling x2  
  31  2:44  Overlord  
  31  2:46  Drone  
  32  2:56  Drone x2  
  34  3:05  Zergling x4  
  36  3:13  Baneling x2  
  36  3:14  Baneling  
  36  3:16  Baneling  
  36  3:22  Drone x2, Hatchery  
  37  3:34  Zergling x8  
  37  3:52  Zergling x6  
  38  3:56  Zergling x10  
  38  4:00  Baneling x4  
  38  4:02  Overlord  
  43  4:08  Zergling x2  
  42  4:34  Zergling x6  
  42  4:35  Zergling x14  
  42  4:38  Drone  
  53  4:51  Baneling x7  
  53  4:52  Zergling x10  
  56  5:01  Zergling x2  
  56  5:02  Zergling x6  
  50  5:23  Zergling x16  
  49  5:35  Zergling x8  
  48  5:43  Baneling x5  
  48  5:44  Baneling  
  45  5:59  Zergling x12  
  43  6:17  Zergling x14  
  42  6:28  Zergling x8  
  46  6:46  Zergling x10  
  51  6:51  Zergling x4  
  44  7:04  Zergling x8  
  45  7:20  Zergling x8  
  45  7:21  Zergling x2  
  46  7:33  Drone x4  
  49  7:46  Zergling x6  
  52  7:55  Zergling x6  
Show
View Real Time Build Order
Export as new Build Order

AmandaSmmith Zerg 

Build Orders: Hatch First 

Get SALT Encoding   

  12  0:00  Drone  
  13  0:08  Drone  
  14  0:18  Drone, Extractor  
  15  0:22  Overlord  
  15  0:40  Drone x2  
  17  0:53  Hatchery  
  16  1:04  Spawning Pool  
  16  1:07  Drone  
  16  1:12  Drone  
  16  1:14  Extractor  
  16  1:16  Drone  
  17  1:20  Drone  
  18  1:29  Drone  
  19  1:40  Drone  
  20  1:51  Overlord  
  20  1:56  Queen  
  22  2:04  Queen  
  22  2:06  Drone x2  
  26  2:13  Drone  
  27  2:19  Drone  
  28  2:26  Drone, Roach Warren  
  28  2:27  Drone  
  29  2:37  Zergling x4  
  33  2:45  Zergling x2  
  32  2:55  Zergling x4  
  34  3:06  Overlord  
  34  3:07  Drone x2, Overlord  
  34  3:11  Burrow  
  36  3:14  Lair  
  36  3:15  Overlord  
  36  3:28  Roach x3  
  36  3:30  Roach  
  36  3:31  Drone x2  
  46  3:39  Evolution Chamber  
  45  3:45  Zergling x2  
  45  3:46  Zergling x2  
  42  3:55  Drone x5  
  45  4:05  Evolution Chamber  
  45  4:06  Spine Crawler  
  43  4:12  Drone x3  
  46  4:21  Drone  
  47  4:30  Drone  
  47  4:31  Drone, Spine Crawler  
  47  4:35  Drone x4  
  51  4:41  Spine Crawler  
  51  4:43  Spine Crawler  
  49  4:45  Spine Crawler  
  47  5:03  Drone x3  
  47  5:15  Drone x3  
  50  5:28  Zergling x8, Roach x4  
  50  5:29  Zergling x6  
  50  5:35  Evolution Chamber  
  49  5:44  Drone x2  
  49  5:47  Extractor  
  50  5:54  Roach  
  50  5:55  Metabolic Boost  
  52  6:02  Spine Crawler  
  49  6:05  Spine Crawler  
  49  6:07  Spine Crawler  
  49  6:08  Roach  
  41  6:20  Roach  
  41  6:22  Zergling x2  
  28  6:28  Roach x6  
  28  6:29  Queen, Roach  
  36  6:48  Drone x16  
  36  6:50  Roach x2  
  36  6:52  Roach  
  36  6:53  Roach  
  39  6:59  Roach x2  
  38  7:02  Roach x8  
  38  7:06  Roach x3  
  44  7:09  Roach x6  
  44  7:13  Roach x9  
  44  7:15  Roach  
  40  7:27  Roach x13  
  44  7:36  Drone  
  45  7:40  Drone x3  
  48  7:47  Roach x13  
  48  7:54  Roach x13  
  48  7:57  Spine Crawler  
  47  8:00  Hatchery  
  47  8:01  Drone, Extractor  
  47  8:05  Roach x2  
Tags
 
Matchup
ZvZ
Race
Zerg
Replay Pack
Myownreplay2
Spawn Locations
Cross Positions
Add a new tag
Caveats
  • Supply blocks, unpowered buildings, or Contaminate may cause inaccurate times.
  • Supply counts are checked every 10 seconds.